 Dungeon Crawl Stone Soup version 0.30.0-29-ga12c61a403 (webtiles) character file.

Game seed: 15193017984149000292

11817 yolmi the Cleaver (level 11, -8/95 HPs)
             Began as a Minotaur Berserker on June 16, 2023.
             Was a High Priest of Trog.
             Mangled by a six-headed hydra (9 damage)
             ... on level 1 of the Lair of Beasts on June 19, 2023.
             The game lasted 02:11:58 (10221 turns).

yolmi the Cleaver (Minotaur Berserker)             Turns: 10221, Time: 02:12:00

Health: -8/95      AC: 19    Str: 24    XL:     11   Next: 54%
Magic:  0/10       EV:  9    Int:  4    God:    Trog [*****.]
Gold:   742        SH:  5    Dex: 12    Spells: 10/10 levels left

rFire   + . .        F - +2 whip (flame)
rCold   . . .        f - +0 buckler {reflect}
rNeg    . . .        e - +1 plate armour
rPois   .            (helmet restricted)
rElec   .            T - +0 cloak
rCorr   .            R - +1 pair of gloves
SInv    .            (no boots)
Will    .....        c - amulet of guardian spirit Stlth
                     E - ring of protection from fire
HPRegen 0.35/turn    (no ring)
MPRegen 0.12/turn

%: reflection, guardian spirit
@: no status effects
A: horns 2, retaliatory headbutt
a: Renounce Religion, Berserk, Trog's Hand, Brothers in Arms


You were on level 1 of the Lair of Beasts.
You worshipped Trog.
Trog was extremely pleased with you.
You visited 3 branches of the dungeon, and saw 13 of its levels.
You also visited: Sewer.

You collected 742 gold pieces.

Inventory:

Hand Weapons
 a - a +0 hand axe
 m - a +2 heavy hand axe
 v - a +4 trident
 D - a +1 mace of protection
 F - a +2 whip of flaming (weapon)
 H - a +2 trident of venom
 K - a +3 heavy broad axe
 L - a +0 war axe
Missiles
 g - 9 poisoned darts (quivered)
 i - a throwing net
 k - 8 curare-tipped darts
Armour
 b - a +0 animal skin
 e - a +1 plate armour (worn)
 f - a +0 buckler of reflection (worn)
 h - a +0 ring mail
 l - a +0 pair of gloves
 r - a +0 chain mail
 I - a +0 kite shield
 R - a +1 pair of gloves (worn)
 T - a +0 cloak (worn)
Jewellery
 c - an amulet of guardian spirit (around neck)
 s - an amulet of the acrobat
 u - a ring of flight
 y - a ring of willpower
 E - a ring of protection from fire (left hand)
 Q - a ring of positive energy
Wands
 w - a wand of flame (28)
 B - a wand of polymorph (7)
Scrolls
 d - a scroll of fear
 p - 6 scrolls of teleportation
 q - 2 scrolls of blinking
 C - a scroll of enchant weapon
 J - a scroll of immolation
 N - 4 scrolls of identify
 S - a scroll of silence
Potions
 j - a potion of flight
 n - a potion of cancellation
 o - a potion of ambrosia
 t - a potion of might {unknown}
 x - a potion of mutation
 z - a potion of haste
 A - a potion of resistance
 G - 3 potions of curing
 M - a potion of invisibility {unknown}
Miscellaneous
 P - a phantom mirror


   Skills:
 * Level 8.4 Fighting
 * Level 12.4 Axes
 * Level 5.7 Throwing
 * Level 10.9 Armour
 * Level 6.3 Dodging
 + Level 2.1 Stealth
 * Level 5.8 Shields
 * Level 4.8 Evocations


You had 10 spell levels left.
You didn't know any spells.
Your spell library was empty.

Dungeon Overview and Level Annotations

Branches:
Dungeon (11/15)            Temple (1/1) D:7            Lair (1/5) D:11
  Sewer (visited)
    Orc: D:9-12

Altars:
Dithmenos
Elyvilon
Makhleb
Okawaru
Qazlal
Ru
Wu Jian
Xom

Shops:
D:4 [   D:7 :

Annotations:
D:11 2 transporters


Innate Abilities, Weirdness & Mutations

You have a pair of horns on your head.
You reflexively headbutt those who attack you in melee.


Message History

The six-headed hydra bites you but does no damage. x2
The six-headed hydra barely misses you.
You block the six-headed hydra's attack.
The six-headed hydra closely misses you.
The six-headed hydra bites you.
You barely miss the six-headed hydra.
The six-headed hydra is severely wounded.
The six-headed hydra bites you.
The six-headed hydra bites you but does no damage.
The six-headed hydra closely misses you. x2
The six-headed hydra bites you. The six-headed hydra bites you!
You hit the six-headed hydra. You burn the six-headed hydra.
Your headbutt misses the six-headed hydra.
The six-headed hydra is almost dead.
You hit the six-headed hydra. You burn the six-headed hydra.
The six-headed hydra is almost dead.
The six-headed hydra bites you. x2
* * * LOW HITPOINT WARNING * * *
You block the six-headed hydra's attack.
The six-headed hydra bites you!
* * * LOW HITPOINT WARNING * * *
The six-headed hydra bites you but does no damage.
The six-headed hydra bites you.
* * * LOW HITPOINT WARNING * * *
You feel much better. The six-headed hydra bites you!
* * * LOW HITPOINT WARNING * * *
The six-headed hydra bites you!
* * * LOW HITPOINT WARNING * * *
The six-headed hydra bites you but does no damage. x2
The six-headed hydra bites you.
* * * LOW HITPOINT WARNING * * *
The six-headed hydra completely misses you.
You whack the six-headed hydra! You burn the six-headed hydra.
The six-headed hydra is almost dead.
You block the six-headed hydra's attack.
The six-headed hydra bites you!
* * * LOW HITPOINT WARNING * * *
The six-headed hydra closely misses you. x3
The six-headed hydra bites you!
You die...

##.. ##... ####
..#..##
#..###..##..^#
#<......##...###
#.......# .....
#.#.##..####D.#
###.###.###P@#
#...##......#
#.....#.##..#
#.....P.#...#
#.#.........#
###..#..####.#
#.##### ## #.#
###


You could see a six-headed hydra.

Vanquished Creatures
  Gastronok (D:8)
  2 two-headed ogres (D:11)
  Maurice (D:8)
  An elephant (D:11)
  An unseen horror (D:11)
  2 trolls
  Sigmund (D:6)
  A vampire (D:9)
  2 wyverns
  8 yaks (D:10)
  A basilisk (D:9)
  2 shadows
  3 wraiths
  2 steam dragons
  3 vampire mosquitoes (D:10)
  2 water moccasins (D:9)
  6 black bears
  3 ice beasts
  3 orc warriors
  An ogre (D:5)
  A gnoll sergeant (D:8)
  3 kobold brigands
  9 bullfrogs
  A scorpion (D:5)
  16 wights
  9 killer bees
  3 howler monkeys (D:10)
  4 crimson imps (D:5)
  2 hounds (D:5)
  3 jellies
  2 gnoll boudas
  5 orc priests
  A sleepcap (D:7)
  Jessica (D:2)
  3 iguanas
  11 orc wizards
  Natasha (thrice) (D:4)
  18 gnolls
  8 adders
  A shadow imp (D:8)
  4 white imps
  An ufetubus (D:5)
  A worm (D:4)
  A dart slug (D:2)
  48 orcs
  3 endoplasms
  11 giant cockroaches
  4 goblins
  5 hobgoblins
  21 kobolds
  16 quokkas
  8 ball pythons
  2 bats (D:1)
  14 frilled lizards
  13 rats
302 creatures vanquished.

Notes
Turn   | Place    | Note
-------+----------+-------------------------------------------
     0 | D:1      | yolmi the Minotaur Berserker began the quest for the Orb.
     0 | D:1      | Reached XP level 1. HP: 19/19 MP: 0/0
   119 | D:1      | Reached skill level 4 in Axes
   119 | D:1      | Reached XP level 2. HP: 26/27 MP: 1/1
   377 | D:1      | Reached ** piety under Trog
   422 | D:1      | Found a faded altar of an unknown god.
   723 | D:2      | Reached XP level 3. HP: 29/33 MP: 2/2
  1278 | D:2      | Noticed Jessica
  1282 | D:2      | Killed Jessica
  1283 | D:2      | Reached skill level 5 in Axes
  1283 | D:2      | Reached XP level 4. HP: 38/40 MP: 3/3
  1686 | D:3      | Reached skill level 1 in Throwing
  1698 | D:3      | Found a glowing drain.
  1713 | Sewer    | Entered a sewer
  1726 | Sewer    | Reached XP level 5. HP: 47/47 MP: 4/4
  1788 | Sewer    | Reached *** piety under Trog
  1922 | Sewer    | Reached skill level 1 in Shields
  1922 | Sewer    | Reached XP level 6. HP: 31/53 MP: 1/5
  2499 | D:4      | Found Anagisa's Armour Shoppe.
  2564 | D:4      | Noticed Natasha
  2572 | D:4      | Killed Natasha
  2785 | D:4      | Noticed Natasha
  2797 | D:4      | Killed Natasha
  2798 | D:4      | Reached skill level 6 in Axes
  2805 | D:4      | Noticed Natasha
  2810 | D:4      | Killed Natasha
  2810 | D:4      | Reached **** piety under Trog
  2845 | D:4      | Found a shadowy altar of Dithmenos.
  2845 | D:4      | Found a sacrificial altar of Ru.
  2846 | D:4      | Found an ornate altar of the Wu Jian Council.
  2848 | D:4      | Found an iron altar of Okawaru.
  2849 | D:4      | Found a stormy altar of Qazlal.
  2850 | D:4      | Found a white marble altar of Elyvilon.
  2868 | D:5      | Entered Level 5 of the Dungeon
  2887 | D:5      | Reached XP level 7. HP: 60/60 MP: 6/6
  3104 | D:5      | Reached skill level 5 in Armour
  3169 | D:5      | Reached skill level 5 in Fighting
  3177 | D:5      | Reached skill level 1 in Evocations
  3289 | D:5      | Reached skill level 7 in Axes
  3301 | D:5      | Found a shimmering altar of Xom.
  3566 | D:5      | Reached XP level 8. HP: 68/68 MP: 7/7
  3645 | D:6      | Noticed Sigmund
  3653 | D:6      | Killed Sigmund
  3733 | D:6      | Reached skill level 8 in Axes
  3871 | D:6      | Identified the +6 sling "Wemee" {antimagic, Contam rPois
                  | rN++ Str+3}
  4545 | D:7      | Reached skill level 1 in Stealth
  4609 | D:7      | Reached XP level 9. HP: 72/75 MP: 8/8
  4622 | D:7      | Found Vyonem's Book Boutique.
  4746 | D:7      | Reached ***** piety under Trog
  5126 | D:7      | Found a staircase to the Ecumenical Temple.
  5133 | Temple   | Entered the Ecumenical Temple
  5148 | D:7      | Reached skill level 9 in Axes
  6092 | D:8      | Noticed Gastronok
  6115 | D:8      | Killed Gastronok
  6116 | D:8      | Reached skill level 10 in Axes
  6116 | D:8      | Reached skill level 5 in Dodging
  6116 | D:8      | Reached XP level 10. HP: 46/84 MP: 5/9
  6361 | D:8      | Noticed Maurice
  6370 | D:8      | Paralysed by Maurice for 4 turns
  6376 | D:8      | Paralysed by something for 2 turns
  6398 | D:8      | Killed Maurice
  6912 | D:9      | Received a gift from Trog
  7849 | D:9      | Reached skill level 5 in Throwing
  7850 | D:9      | Reached skill level 11 in Axes
  7850 | D:9      | Reached skill level 5 in Shields
  7915 | D:10     | Entered Level 10 of the Dungeon
  8109 | D:10     | Reached skill level 10 in Armour
  8261 | D:10     | Reached XP level 11. HP: 33/93 MP: 4/10
  9196 | D:11     | Noticed a two-headed ogre
  9202 | D:11     | Killed a two-headed ogre
  9332 | D:11     | Found a staircase to the Lair.
  9333 | D:11     | Noticed a two-headed ogre
  9335 | D:11     | Reached skill level 12 in Axes
  9345 | D:11     | Killed a two-headed ogre
  9819 | D:11     | Found a transporter.
  9861 | D:11     | Found a transporter.
 10184 | Lair:1   | Entered Level 1 of the Lair of Beasts
 10207 | Lair:1   | Noticed a six-headed hydra
 10221 | Lair:1   | HP: 1/95 [six-headed hydra (12)]
 10221 | Lair:1   | Mangled by a six-headed hydra

Illustrated notes

Levels and vault maps discovered:
D:1:      lemuel_arrival_broad_hall, layout_basic,
          ebering_ecumenical_altar_petrified
D:2:      kennysheep_big_flooded_room, layout_basic, kennysheep_jessica_study
D:3:      layout_loops_cross, gup_sewer_entry_pipe
D:4:      layout_cave_pools, minitemple, serial_shops,
          nicolae_shop_behind_doors, uniq_natasha
D:5:      layout_basic, led_xom_imps
D:6:      layout_basic, uniq_sigmund
D:7:      layout_gridville, minmay_temple_entry_arrows, serial_shops,
          nicolae_shop_trees
D:8:      layout_loops_corners, uniq_gastronok, uniq_maurice
D:9:      cheibrodos_two_vegetables, layout_basic
D:10:     layout_gridville, nicolae_figureground_pulse
D:11:     gammafunk_worm_tunnel, layout_long_grid, david_lair_generic
Temple:   eino_wide_crystal_templ
Lair:1:   dreamdust_isle_of_ice, layout_cave_shapes

Skill      XL: |  1  2  3  4  5  6  7  8  9 10 11 |
---------------+----------------------------------+-----
Axes           | 4 5 6 7 8 10 11 12 | 12.4
Fighting       | 4 5 6 7 8 |  8.4
Armour         | 3 4 5 7 8 10 | 10.9
Throwing       | 1 2 3 4 5 |  5.7
Dodging        | 3 4 5 6 |  6.3
Shields        | 1 2 3 4 5 |  5.8
Evocations     | 1 2 3 4 |  4.8
Stealth        | 1 2 |  2.1

Action                     |  1- 3 |  4- 6 |  7- 9 | 10-12 || total
---------------------------+-------+-------+-------+-------++-------
  Melee: Hand axe          |    69 |   147 |   231 |    62 ||   509
         Headbutt          |     7 |    21 |    44 |    46 ||   118
         Punch             |     1 |       |       |       ||     1
         Broad axe         |       |       |       |   173 ||   173
         Whip              |       |       |       |     9 ||     9
  Throw: Dart              |       |     3 |     9 |    27 ||    39
 Invoke: Berserk           |       |       |     1 |       ||     1
    Use: Scroll            |     4 |     7 |     9 |     4 ||    24
         Potion            |       |     1 |     1 |     3 ||     5
   Stab: Sleeping          |     1 |       |       |       ||     1
 Armour: Animal skin       |     2 |       |       |       ||     2
         Ring mail         |    16 |    46 |       |       ||    62
         Chain mail        |       |    31 |    99 |       ||   130
         Plate armour      |       |       |    20 |   225 ||   245
  Dodge: Dodged            |    32 |    80 |   118 |   128 ||   358
  Block: Buckler           |       |    18 |    50 |    67 ||   135
         Reflection        |       |       |       |     2 ||     2
